 Dungeon Crawl Stone Soup version 0.19.1 (webtiles) character file.

35 equalderp2856 the Scratcher (level 3, -1/17 HPs)
             Began as a Felid Fighter on Nov 26, 2016.
             Slain by a kobold
             ... wielding a +0 dagger
              (2 damage)
             ... on level 1 of the Dungeon.
             The game lasted 00:02:15 (613 turns).

equalderp2856 the Scratcher (Felid Fighter)          Turns: 613, Time: 00:02:16

Health: -1/17      AC:  1    Str: 15    XL:     3   Next: 17%
Magic:  4/4        EV: 19    Int:  9    God:
Gold:   27         SH:  0    Dex: 15    Spells: 0 memorised, 2 levels left
                                        Lives:  0   Deaths: 0

rFire  . . .     SeeInvis +       - Unarmed
rCold  . . .     Gourm    .     (armour unavailable)
rNeg   . . .     Faith    .     (shield unavailable)
rPois  .         Spirit   .     (helmet unavailable)
rElec  .         Reflect  .     (cloak unavailable)
rCorr  .         Harm     .     (gloves unavailable)
MR     .....     Clarity  +     (boots unavailable)
Stlth  ++........               (no amulet)
                                (no ring)
                                (no ring)

@: quick
A: no armour, no weapons or thrown items, stealth, claws 1, fangs 3, see
invisible, carnivore 3, clarity, deterioration 1, speed 1, shaggy fur 1, slow
metabolism 1, strong 1, sharp paws
a: no special abilities


You were on level 1 of the Dungeon.
You were full.

You visited 1 branch of the dungeon, and saw 1 of its levels.

You collected 27 gold pieces.

Inventory:

Scrolls
 c - a scroll of identify {unknown}
 d - a scroll of recharging {unknown}
Potions
 a - a potion of might
Comestibles
 b - a meat ration


   Skills:
 + Level 3.3 Fighting
 + Level 4.2 Dodging
 + Level 4.7 Unarmed Combat


You had 2 spell levels left.
You didn't know any spells.

Dungeon Overview and Level Annotations

Branches:
Dungeon (1/15)

Altars:


Innate Abilities, Weirdness & Mutations

You cannot wear armour.
You are incapable of wielding weapons or throwing items.
Your paws allow you to move quietly. (Stealth)
You have sharp claws.
You have razor-sharp teeth.
You have supernaturally acute eyesight. (SInv)
You are carnivorous and can eat meat at any time.
You cover ground quickly.
You are covered in fur. (AC +1)
You have a slow metabolism.
Your sharp claws are effective at attacking unaware monsters.
You possess an exceptional clarity of mind.
Your body sometimes deteriorates upon taking damage.
Your muscles are strong. (Str +2)


Message History

There is an open door here.
The frilled lizard bites you but does no damage.
You scratch the frilled lizard but do no damage.
The frilled lizard bites you.
* * * LOW HITPOINT WARNING * * *
You scratch the frilled lizard.
You kill the frilled lizard!
You see here a frilled lizard corpse.
You open the door. The jackal bites you.
* * * LOW HITPOINT WARNING * * *
The ooze quivers.
You scratch the jackal.
You kill the jackal!
You scratch the kobold.
The kobold is moderately wounded.
The kobold misses you.
You completely miss the kobold.
The kobold is moderately wounded.
The kobold hits you with a dagger.
You die...

#.........#
#.......
#.........#
#.######
#.........# #.#
#.........#####.#
#...............#
#.........####..#
#.........†÷....#
#.........####.##
#....@....# #.#
#####K##### #.#
#..J# #+# #.### .
#(# ..
###)####...
#..K.....h.
#........r.
#........?.


You could see an ooze and a kobold.

Vanquished Creatures
  An ooze (D:1)
  2 bats (D:1)
  8 goblins (D:1)
  A hobgoblin (D:1)
  5 jackals (D:1)
  2 frilled lizards (D:1)
  2 kobolds (D:1)
  8 rats (D:1)
29 creatures vanquished.

Vanquished Creatures (others)
  3 minotaurs (D:1)
  A draconian (D:1)
  A spriggan (D:1)
  A human (D:1)
  A naga (D:1)
  A dwarf (D:1)
  An ogre (D:1)
  A mummy (D:1)
  2 kobolds (D:1)
  7 tentacles (D:1)
19 creatures vanquished.

Grand Total: 48 creatures vanquished

Notes
Turn   | Place    | Note
-------+----------+-------------------------------------------
     0 | D:1      | equalderp2856 the Felid Fighter began the quest for the Orb.
     0 | D:1      | Reached XP level 1. HP: 10/10 MP: 2/2
     0 | D:1      | Noticed a spriggan
     0 | D:1      | Noticed a minotaur
     0 | D:1      | Noticed a draconian
     0 | D:1      | Noticed a dwarf
     0 | D:1      | Noticed a kraken
     0 | D:1      | Noticed an ogre
     0 | D:1      | Noticed a human
     0 | D:1      | Noticed a naga
     0 | D:1      | Noticed a minotaur
     0 | D:1      | Noticed a minotaur
     5 | D:1      | Killed a dwarf
     7 | D:1      | Killed a naga
     7 | D:1      | Killed an ogre
     8 | D:1      | Killed a spriggan
     9 | D:1      | Killed a human
     9 | D:1      | Killed a minotaur
    15 | D:1      | Killed a draconian
    16 | D:1      | Killed a minotaur
    17 | D:1      | Killed a minotaur
   280 | D:1      | Reached XP level 2. HP: 9/14 MP: 3/3
   543 | D:1      | Reached XP level 3. HP: 11/17 MP: 4/4
   578 | D:1      | Gained mutation: Your body sometimes deteriorates upon taking damage. [potion of mutation]
   578 | D:1      | Gained mutation: Your muscles are strong. (Str +2) [potion of mutation]
   578 | D:1      | Gained mutation: You possess an exceptional clarity of mind. [potion of mutation]
   613 | D:1      | Slain by a kobold

Action                   || total
-------------------------++-------
Melee: Unarmed           ||    69
       Bite              ||     3
  Use: Potion            ||     1
 Stab: Sleeping          ||     1
  Eat: Chunk             ||     3
Armor: Skin              ||     4
Dodge: Dodged            ||    59
